 Dungeon Crawl Stone Soup version 0.26-a0-952-g76694b35de (webtiles) character file.

Game seed: 13648947196238700626

137 marklar909 the Sneak (level 5, -4/52 HPs)
             Began as a Troll Delver on Nov 30, 2020.
             Killed from afar by an orc wizard (6 damage)
             ... with a magic dart
             ... on level 4 of the Dungeon.
             The game lasted 00:00:48 (210 turns).

marklar909 the Sneak (Troll Delver)                  Turns: 210, Time: 00:00:49

Health: -4/52      AC:  6    Str: 20    XL:     5   Next: 0%
Magic:  4/4        EV: 10    Int:  6    God:
Gold:   0          SH:  0    Dex: 12    Spells: 4/4 levels left

rFire    . . .     SeeInvis .     - Unarmed
rCold    . . .     Faith    .   (no shield)
rNeg     . . .     Spirit   .   a - +0 robe
rPois    .         Reflect  .   (helmet restricted)
rElec    .         Harm     .   (no cloak)
rCorr    .         Rampage  .   (gloves unavailable)
MR       .....                  (boots unavailable)
Stlth    ++........             (no amulet)
HPRegen  0.57/turn              (no ring)
MPRegen  0.09/turn              (no ring)

@: hasted and slowed
A: large, unfitting armour, claws 3, regeneration 1, shaggy fur 1, tough skin 3
a: no special abilities


You were on level 4 of the Dungeon.
You visited 1 branch of the dungeon, and saw 2 of its levels.

Inventory:

Armour
 a - a +0 robe (worn)
Jewellery
 g - an uncursed amulet of guardian spirit {unknown}
Wands
 f - a wand of digging (3)
Scrolls
 b - a scroll of fog
 c - a scroll of magic mapping
 d - a scroll of fear
 h - a scroll of remove curse {unknown}
Potions
 i - a potion of heal wounds {unknown}


   Skills:
 + Level 2.9 Fighting
 + Level 2.0 Dodging
 + Level 3.6 Stealth
 + Level 2.6 Unarmed Combat


You had 4 spell levels left.
You didn't know any spells.
Your spell library was empty.

Dungeon Overview and Level Annotations

Branches:
Dungeon (5/15)
 Temple: D:4-7

Altars:


Innate Abilities, Weirdness & Mutations

You are too large for most types of armour.
You have claws for hands.
Your natural rate of healing is unusually fast.
You are covered in fur. (AC +1)
You have extremely tough skin. (AC +3)


Message History

The orc wizard seems to speed up.
You barely miss the orc wizard.
You feel sick.
You are no longer poisoned.
The orc wizard hits you with a +0 dagger.
The orc wizard casts a spell at you. The magic dart hits you!
* * * LOW HITPOINT WARNING * * *
Unknown command.
You claw the orc wizard!
The orc wizard is severely wounded.
The orc wizard hits you with a +0 dagger.
* * * LOW HITPOINT WARNING * * *
The orc wizard points at you and mumbles some strange words.
The magic dart hits you.
* * * LOW HITPOINT WARNING * * *
You feel yourself speed up.
The orc wizard hits you but does no damage.
The orc wizard gestures at you while chanting.
The magic dart hits you.
You die...

#..########.........#
.......# ##..# ######.....
.......# #..## ##..##.
.......# ##..# #..## .......
#..## ##.## ....... ##..#
##..# ......# #...##
##..####
......####....######
#......##
#..(........@o.#####.......#
##...######..W.............#
#..## #######.).##....##
#..# ###†####### #.## ##§.#
#..# ##...# #.## #....# #.
##....# .. ##....##


You could see a phantom and an orc wizard (fast).

Vanquished Creatures
  A hound (D:4)
  2 orc priests (D:4)
  An orc wizard (D:4)
  An adder (D:4)
  6 orcs (D:4)
11 creatures vanquished.

Notes
Turn   | Place    | Note
-------+----------+-------------------------------------------
     0 | D:5      | marklar909 the Troll Delver began the quest for the Orb.
     0 | D:5      | Reached XP level 1. HP: 22/22 MP: 0/0
     5 | D:5      | Noticed a hound
    14 | D:5      | Noticed an orc priest
    17 | D:5      | Noticed an orc warrior
    17 | D:5      | Noticed an orc priest
    28 | D:4      | Killed a hound
    29 | D:4      | Reached skill level 3 in Stealth
    29 | D:4      | Reached XP level 2. HP: 28/29 MP: 1/1
    29 | D:4      | Reached XP level 3. HP: 35/36 MP: 2/2
    57 | D:4      | Noticed a phantom
   175 | D:4      | Reached XP level 4. HP: 37/44 MP: 3/3
   200 | D:4      | Reached XP level 5. HP: 14/52 MP: 4/4
   209 | D:4      | HP: 1/52 [orc wizard/magic dart (3)]
   210 | D:4      | Killed from afar by an orc wizard

Illustrated notes

Levels and vault maps discovered:
D:4:      layout_cave_pods, riverfiend_overflow_shadow_ancestor,
          minmay_temple_entry_mist, uniq_duvessa
D:5:      minmay_opposing_rooms, layout_cave_pools, vehumet_altar_wand_db,
          nicolae_ossuary_entry_monument, trog_book

Skill      XL: |  1  2  3  4 |
---------------+-------------+-----
Stealth        | 3 |  3.6
Dodging        | 2 |  2.0
Fighting       | |  2.9
Unarmed Combat | |  2.6

Action                   |  1- 3 |  4- 6 || total
-------------------------+-------+-------++-------
Melee: Unarmed           |    39 |    18 ||    57
  Use: Potion            |       |     1 ||     1
Armor: Robe              |    13 |     6 ||    19
Dodge: Dodged            |    26 |    13 ||    39

Table legend: (Time is in decaauts)
 A = Elapsed time spent in this place.
 B = Non-inter-level travel time spent in this place.
 C = Inter-level travel time spent in this place.
 D = Time resting spent in this place.
 E = Time spent auto-exploring this place.
 F = Levels seen in this place.
 G = Mean time per level.
                   A        B        C        D        E       F      G
               +--------+--------+--------+--------+--------+-----+--------+
         Total |    214 |    214 |      0 |      0 |     73 |   2 |  107.0 |
       Dungeon |    214 |    214 |      0 |      0 |     73 |   2 |  107.0 |
               +--------+--------+--------+--------+--------+-----+--------+

Top non-repeatable levels by time:
     D:4: 195 daAuts
     D:5: 19 daAuts
